 Dungeon Crawl Stone Soup version 0.29.1-15-g9cfb28693d (webtiles) character file.

Game seed: 306086960813677384

37 croobank the Sneak (level 3, -1/26 HPs)
             Began as an Octopode Delver on Feb 23, 2023.
             Slain by an orc
             ... wielding a +2 short sword of electrocution
              (3 damage)
             ... on level 6 of the Dungeon.
             The game lasted 00:00:32 (87 turns).

croobank the Sneak (Octopode Delver)                  Turns: 87, Time: 00:00:32

Health: -1/26      AC:  1    Str: 11    XL:     3   Next: 41%
Magic:  3/3        EV: 13    Int: 14    God:
Gold:   0          SH:  0    Dex: 13    Spells: 2/2 levels left

rFire   . . .      SeeInvis .   a - +0 hand axe
rCold   . . .      Faith    .   (no shield)
rNeg    . . .      Spirit   .   (helmet restricted)
rPois   .          Reflect  .   (no amulet)
rElec   .          Harm     .   (no ring)
rCorr   .          Rampage  .   (no ring)
Will    .....                   (no ring)
Stlth   ++++......              (no ring)
HPRegen 0.08/turn               (no ring)
MPRegen 0.08/turn               (no ring)
                                (no ring)
                                (no ring)

@: no status effects
A: almost no armour, amphibious, 8 rings, camouflage 1, gelatinous body 1,
(nimble swimmer 1), tentacles
a: no special abilities


You were on level 6 of the Dungeon.
You visited 1 branch of the dungeon, and saw 2 of its levels.

Inventory:

Hand Weapons
 a - a +0 hand axe (weapon)
 h - a +0 war axe
Wands
 f - a wand of digging (3)
 g - a wand of quicksilver (8)
Scrolls
 b - a scroll of fog
 d - a scroll of fear
Potions
 e - a potion of haste


   Skills:
 + Level 3.3 Fighting
 + Level 2.5 Axes
 + Level 2.5 Dodging
 + Level 7.0 Stealth


You had 2 spell levels left.
You didn't know any spells.
Your spell library was empty.

Dungeon Overview and Level Annotations

Branches:
Dungeon (6/15)
 Temple: D:4-7

Altars:


Innate Abilities, Weirdness & Mutations

You cannot wear most types of armour.
You are amphibious.
You can wear up to eight rings at the same time.
Your skin changes colour to match your surroundings (Stealth+).
Your rubbery body absorbs attacks. (AC +1, EV +1)
((You are camouflaged when in or above water. (Stealth+)))
You have tentacles for arms and can constrict up to eight enemies at once.


Message History

g - a wand of quicksilver (9)
Aiming: Quicksilver Bolt
Press: ? - help, Shift-Dir - straight line, f - howler monkey
Aim: a howler monkey (68% to hit)
The bolt of dispelling energy hits the howler monkey!!
You kill the howler monkey!
Your Stealth skill increases to level 7!
You have reached level 2!
You have reached level 3!
Your experience leads to an increase in your attributes!
Increase (S)trength, (I)ntelligence, or (D)exterity?
You feel clever. x2
You start waiting.
A phantom comes into view.
You see here a +0 dagger.
An adder comes into view.
There is a stone staircase leading down here.
You climb downwards.
There is a stone staircase leading up here.
Found a war axe.
You see here a +0 war axe.
h - a +0 war axe
As you read the scroll of magic mapping, it crumbles to dust.
You feel aware of your surroundings.
Found a scroll labelled FIHUWO MEKHLOOFF.
An orc comes into view.
It is wielding a +2 short sword of electrocution.
Found a stone staircase leading up.
The orc shouts!
The orc completely misses you.
You hit the orc but do no damage. You grab the orc.
You constrict the orc, but do no damage.
The orc hits you with a +2 short sword of electrocution.
You are electrocuted!!
Ouch! That really hurt!
* * * LOW HITPOINT WARNING * * *
You hit the orc.
The orc is lightly wounded.
You constrict the orc.
The orc hits you with a +2 short sword of electrocution.
You die...

*,,,,,* #.# #.#..# ********,**,*
#.# #.#..# * ,,,,,,,,,,*,* #.#
#.#..#*** ********,,*,* ##.##
***,#...,,, ,,,,,,,,,,*,* ##...#*
*,,,....,,* ********,,*,* #.###.#
*,,,,,,,,,* ********,,*,**#.# *.#
*,,,,,,,,,, ,,,,,,,,,,,,,*#.###.#
*,>,,,,,,,, ,,*******,*,,*##@..#*
*,,,,,,,,,, ,,****
*....<.o....#**,,,,,,,,,, ,,,,,*
*.#..#........?.,,,,,,,,, ,***,*
*,#,............,,,,,,,,*
,***,****,*#............,,,,,,,,*
,,,,,,,,,,*##...........,,******,
,,,,,,,,,,**#........#..,** *,,
,***,****,,,........###.** **, ,*
*,* ******,**,,,** *** **,


You could see an orc.

Vanquished Creatures
  A howler monkey (D:5)
1 creature vanquished.

Notes
Turn   | Place    | Note
-------+----------+-------------------------------------------
     0 | D:5      | croobank the Octopode Delver began the quest for the Orb.
     0 | D:5      | Reached XP level 1. HP: 16/16 MP: 1/1
     2 | D:5      | Noticed a howler monkey
     7 | D:5      | Killed a howler monkey
     8 | D:5      | Reached skill level 7 in Stealth
     8 | D:5      | Reached XP level 2. HP: 21/21 MP: 2/2
     8 | D:5      | Reached XP level 3. HP: 26/26 MP: 3/3
    11 | D:5      | Noticed a phantom
    86 | D:6      | HP: 1/26 [orc/+2 short sword of electrocution (20)]
    87 | D:6      | Slain by an orc

Illustrated notes

Levels and vault maps discovered:
D:5:      layout_basic, uniq_pikel
D:6:      layout_loops_ring, uniq_prince_ribbit1, uniq_menkaure, uniq_maggie

Skill      XL: |  1 |
---------------+----+-----
Stealth        | 7 |  7.0
Fighting       | |  3.3
Axes           | |  2.5
Dodging        | |  2.5

Action                   || total
-------------------------++-------
Melee: Hand axe          ||     2
       Constrict         ||     1
Evoke: Wand              ||     1
  Use: Scroll            ||     1
Dodge: Dodged            ||     1
